 Dungeon Sprint DCSS version 0.24.0-1-gfbc8707 (webtiles) character file.

Game seed: 8678594605232578948, levelgen mode: deterministic

304 Fang the Skirmisher (level 6, -9/44 HPs)
             Began as a Gargoyle Berserker on Nov 6, 2019.
             Was a Believer of Trog.
             Mangled by an earth elemental (24 damage)
             ... in the Dungeon (Sprint V: "Ziggurat Sprint").
             The game lasted 00:00:44 (264 turns).

Fang the Skirmisher (Gargoyle Berserker)             Turns: 264, Time: 00:00:44

Health: -9/44      AC: 31    Str: 35    XL:     6   Next: 38%
Magic:  6/6        EV:  3    Int:  7    God:    Trog [**....]
Gold:   0          SH: 30    Dex:  9    Spells: 5/5 levels left

rFire    . . .     SeeInvis .   a - +5 broad axe
rCold    . . .     Gourm    .   E - +18 shield of the Gong {rElec rN+ MR+ EV-5}
rNeg     + + .     Faith    .   b - +15 Maxwell's patent armour {-Cast -Tele rElec MR+ rCorr}
rPois    ∞         Spirit   .   (no helmet)
rElec    +         Reflect  .   (no cloak)
rCorr    +         Harm     .   (no gloves)
MR       ++++.     NoTele   +   (no boots) Stlth ..........NoCast +
                                (no amulet)
HPRegen  1.14/turn              D - +6 ring of strength
MPRegen  0.10/turn              C - +6 ring of strength

@: berserk cooldown, regenerating, slowed, very slow
A: negative energy resistance 1, electricity resistance, unbreathing,
petrification resistance, rot immunity, AC +4
a: Berserk, Trog's Hand, Renounce Religion


You were in the Dungeon.
You worshipped Trog.
Trog was pleased with you.
You were not hungry.

You visited 1 branch

Inventory:

Hand Weapons
 a - a +5 broad axe (weapon)
Armour
 b - the +15 Maxwell's patent armour (worn) {-Cast -Tele rElec MR+ rCorr}
   (You found it in the Dungeon)

   It insulates you from electricity.
   It affects your resistance to hostile enchantments.
   It prevents spellcasting.
   It prevents most forms of teleportation.
   It provides partial protection from all sources of acid and corrosion.
 E - the +18 shield of the Gong (worn) {rElec rN+ MR+ EV-5}
   (You found it in the Dungeon)

   It affects your evasion (-5).
   It insulates you from electricity.
   It protects you from negative energy.
   It affects your resistance to hostile enchantments.
Jewellery
 g - an uncursed ring of flight
 C - a +6 ring of strength (right hand)
 D - a +6 ring of strength (left hand)
Wands
 u - a wand of disintegration (7)
 v - a wand of iceblast (7)
 w - a wand of acid (7)
Scrolls
 i - 4 scrolls of blinking
 j - 7 scrolls of fog
 k - a scroll of holy word
 l - 5 scrolls of identify
 m - 5 scrolls of remove curse
 n - 2 scrolls of fear
Potions
 d - 10 potions of curing
 e - 10 potions of heal wounds
 f - 6 potions of haste
 h - 3 potions of berserk rage
 p - 2 potions of invisibility
 q - 4 potions of resistance
 r - a potion of experience
 s - 5 potions of agility
 t - 5 potions of might
Comestibles
 c - 7 rations


   Skills:
 * Level 7.8 Fighting
 * Level 6.5 Axes
 + Level 5.3 Armour
 + Level 4.0 Dodging
 * Level 7.0 Shields


You had 5 spell levels left.
You didn't know any spells.
Your spell library was empty.

Dungeon Overview and Level Annotations

Branches:
Dungeon (1/1)

Altars:
Ashenzari
Cheibriados
Dithmenos
Elyvilon
Fedhas
Gozag
Hepliaklqana
Kikubaaqudgha
Makhleb
Nemelex Xobeh
Okawaru
Qazlal
Ru
Sif Muna
Trog
Uskayaw
Vehumet
Wu Jian
Xom
Yredelemnul
Zin
The Shining One
Beogh
Jiyva
Lugonu

Annotations:
D 1 transporter


Innate Abilities, Weirdness & Mutations

You are resistant to torment.
Your stone body is resilient. (AC +4)
You are immune to poison.
You resist negative energy. (rN+)
You are resistant to electric shocks. (rElec)
You can survive without breathing.
You are immune to petrification.
You are immune to rotting.


Message History

Unknown command.
Your skin crawls.
You feel resistant to hostile enchantments.
You feel somewhat more hungry. You block the deep elf mage's attack.
BOUMMMMG!
The deep elf archer shoots an arrow.
GONNNNG!
You block the arrow. You block the deep elf mage's attack.
GONNNNG!
You block the earth elemental's attack.
BOUMMMMG!
The earth elemental hits you but does no damage.
You closely miss the deep elf mage.
The deep elf mage is moderately wounded.
You barely miss the earth elemental. You slash the earth elemental!
The deep elf archer blinks!
You block the deep elf mage's attack.
BOUMMMMG!
The earth elemental hits you!!
Ouch! That really hurt!
You die...

▓▓▓▓▓▓▓▓▓▓▓▓▓▓▓▓▓▓▓
▓.8©8e▓.8©8.▓.8©8.▓
▓.=").▓.}|).▓.....▓
▓..)..▓.....▓.)...▓
▓..§..▓..††.▓.....▓
▓...E.▓.....▓..†..▓
▓..@eE▓.....▓..©..▓
▓..©E.▓..©..▓▓▓▓▓▓▓
▓▓▓▓▓▓▓▓▓▓▓▓▓


You could see a deep elf archer, 3 earth elementals and a deep elf mage.

Vanquished Creatures
  An earth elemental (D)
  5 scorpions (D)
6 creatures vanquished.

Notes
Turn   | Place    | Note
-------+----------+-------------------------------------------
     0 | D        | Fang the Gargoyle Berserker began the quest for the Orb.
     0 | D        | Reached XP level 1. HP: 14/14 MP: 1/1
     0 | D        | Found a blossoming altar of Fedhas.
     1 | D        | Found the +6 Majin-Bo {vamp, Archmagi MP+6 Int+6}
     1 | D        | Found the +7 great mace "Firestarter" {inner flame, rF++}
     1 | D        | Found a transporter.
     1 | D        | Found a viscous altar of Jiyva.
     1 | D        | Found an ancient bone altar of Kikubaaqudgha.
     1 | D        | Found a hazy altar of Hepliaklqana.
     1 | D        | Found a corrupted altar of Lugonu.
     1 | D        | Found an opulent altar of Gozag.
     1 | D        | Found a burning altar of Makhleb.
    18 | D        | Found an iron altar of Okawaru.
    18 | D        | Found a stormy altar of Qazlal.
    18 | D        | Found a sparkling altar of Nemelex Xobeh.
    18 | D        | Found a sacrificial altar of Ru.
    18 | D        | Found a shimmering blue altar of Sif Muna.
    24 | D        | Found the +9 heavy crossbow "Sniper" {velocity, Acc+∞ SInv}
    24 | D        | Found the +10 dark maul {crush}
    24 | D        | Found the +15 Maxwell's patent armour {-Cast -Tele rElec
                  | MR+ rCorr}
    24 | D        | Found the +18 shield of the Gong {rElec rN+ MR+ EV-5}
    24 | D        | Found the cursed +14 obsidian axe {chop, +Fly SInv *Curse}
    30 | D        | Found a bloodstained altar of Trog.
    75 | D        | Entered arena 2.
    75 | D        | Noticed a scorpion
    75 | D        | Noticed a scorpion
    75 | D        | Found a transporter.
    79 | D        | Killed a scorpion
    79 | D        | Reached skill level 5 in Fighting
    79 | D        | Reached XP level 2. HP: 21/21 MP: 2/2
    79 | D        | Reached XP level 3. HP: 26/26 MP: 3/3
    81 | D        | Killed a scorpion
    81 | D        | Reached XP level 4. HP: 32/32 MP: 4/4
   241 | D        | Entered arena 3.
   241 | D        | Found a transporter.
   246 | D        | Reached ** piety under Trog
   246 | D        | Reached skill level 5 in Axes
   246 | D        | Reached skill level 5 in Shields
   246 | D        | Reached XP level 5. HP: 37/37 MP: 5/5
   247 | D        | Reached skill level 5 in Armour
   247 | D        | Reached XP level 6. HP: 44/44 MP: 6/6
   252 | D        | Entered arena 4.
   252 | D        | Noticed a deep elf archer
   252 | D        | Noticed a deep elf mage
   252 | D        | Found a transporter.
   264 | D        | Mangled by an earth elemental

Levels and vault maps discovered:
D:        sprint_v [room_start, room_1, room_2, room_3, room_4, room_5, room_6,
          room_7, room_8, room_9, room_10, room_11, room_12, room_13, room_14,
          room_15, room_16, room_17, room_18, room_19, room_20, room_21,
          room_22, room_23, room_24, room_25, room_26, room_27]

Skill      XL: |  1  2  3  4  5  6 |
---------------+-------------------+-----
Fighting       | 5 6 7 |  7.8
Axes           | 4 5 6 |  6.5
Armour         | 3 4 5 |  5.3
Dodging        | 2 3 4 |  4.0
Shields        | 3 4 5 6 7 |  7.0

Action                   |  1- 3 |  4- 6 || total
-------------------------+-------+-------++-------
Melee: Broad axe         |     5 |    13 ||    18
Invok: Berserk           |     1 |     1 ||     2
       Trog's Hand       |       |     1 ||     1
Armor: Plate armour      |     3 |     8 ||    11
Dodge: Dodged            |       |     1 ||     1
Block: Shield            |     3 |    25 ||    28
